 Dungeon Crawl Stone Soup version 0.29-a0-885-gb26ba3297d (webtiles) character file.

Game seed: 5706175992492442846

118 porpoise the Poker (level 4, -1/35 HPs)
             Began as a Demonspawn Gladiator on July 21, 2022.
             Slain by Grinder (4 damage)
             ... on level 3 of the Dungeon.
             The game lasted 00:07:09 (2304 turns).

porpoise the Poker (Demonspawn Gladiator)           Turns: 2304, Time: 00:07:10

Health: -1/35      AC:  4    Str: 17    XL:     4   Next: 72%
Magic:  4/4        EV: 12    Int: 15    God:
Gold:   113        SH:  0    Dex: 14    Spells: 1/3 levels left

rFire   . . .      SeeInvis +   a - +0 trident
rCold   . . .      Faith    .   (no shield)
rNeg    . . .      Spirit   .   g - +0 leather armour
rPois   .          Reflect  .   c - +0 helmet
rElec   .          Harm     .   (no cloak)
rCorr   .          Rampage  .   (no gloves)
Will    .....                   (no boots)
Stlth   +.........              (no amulet)
HPRegen 0.11/turn               p - ring of see invisible
MPRegen 0.18/turn               h - +6 ring of intelligence

@: no status effects
A: magic regeneration, weakness stinger 2
a: no special abilities


You were on level 3 of the Dungeon.
You visited 1 branch of the dungeon, and saw 3 of its levels.

You collected 113 gold pieces.

Inventory:

Hand Weapons
 a - a +0 trident (weapon)
 b - a +0 sling
Missiles
 d - 2 throwing nets (quivered)
 e - a javelin
 n - 3 poisoned darts
Armour
 c - a +0 helmet (worn)
 g - a +0 leather armour (worn)
Jewellery
 f - an amulet of faith
 h - a +6 ring of intelligence (right hand)
 p - a ring of see invisible (left hand)
Scrolls
 i - a scroll of vulnerability {unknown}
 k - a scroll of brand weapon {unknown}
 q - a scroll of enchant weapon {unknown}
 r - a scroll of fog {unknown}
 s - a scroll of teleportation {unknown}
Potions
 j - a potion of might
 l - 2 potions of curing
 m - a potion of lignification
 o - a potion of ambrosia


   Skills:
 + Level 3.2 Fighting
 * Level 4.4 Polearms
 - Level 1.7 Throwing
 - Level 2.6 Dodging


You had one spell level left.
You knew the following spells:

 Your Spells              Type           Power      Damage    Failure   Level
w - Wereblood             Tmut           0%         N/A       45%         2

Your spell library contained the following spells:

 Spells                   Type           Power      Damage    Failure   Level
 Beastly Appendage        Tmut           0%         N/A       32%         1
 Spider Form              Tmut/Pois      0%         N/A       69%         3


Dungeon Overview and Level Annotations

Branches:
Dungeon (3/15)

Altars:

Shops:
D:1 (

Annotations:
D:3 Grinder


Innate Abilities, Weirdness & Mutations

You regenerate magic rapidly.
You have a tail ending in a sharp stinger.


Message History

Grinder gestures at you. You resist with significant effort.
You hit Grinder but do no damage.
Grinder is severely wounded.
Grinder completely misses you.
You closely miss Grinder.
Grinder is severely wounded.
Grinder closely misses you.
You barely miss Grinder.
Your tail-slap misses Grinder.
Your punch misses Grinder.
Grinder is severely wounded.
Grinder closely misses you. Grinder gestures at you.
You suddenly lose the ability to move!
Grinder blinks!
Grinder hits you but does no damage. Grinder hits you. x2
You writhe in agony.
You can move again.
You closely miss Grinder.
You tail-slap Grinder, but do no damage.
Grinder is severely wounded.
Grinder hits you.
You writhe in agony.
You hit Grinder but do no damage.
Grinder is heavily wounded.
Grinder gestures at you. Pain shoots through your body!
* * * LOW HITPOINT WARNING * * *
Unknown command.
You feel better. Grinder hits you but does no damage.
You hit Grinder but do no damage.
Grinder is heavily wounded.
Grinder says, "My boss said I was rubbish.
His entrails said otherwise."
Grinder barely misses you.
You closely miss Grinder.
Grinder is heavily wounded.
Grinder hits you!
* * * LOW HITPOINT WARNING * * *
You writhe in agony.
You die...

#####..............#
####..............#
#.......)...###....
#............ #....
#............ #....
#............
#.....########
#.....##......
#.@..(........
#..5.###......
#....# ..... #.....#
..5. #.....# ...
#.....# .. #.....> .
#....... ##.......


You could see Grinder.

Vanquished Creatures
  3 gnolls (D:3)
  2 adders
  2 dart slugs
  3 ball pythons
  4 endoplasms
  A giant cockroach (D:2)
  5 goblins
  6 hobgoblins
  2 jackals (D:1)
  2 quokkas (D:2)
  13 bats
  4 frilled lizards
  11 kobolds
  4 rats
62 creatures vanquished.

Notes
Turn   | Place    | Note
-------+----------+-------------------------------------------
     0 | D:1      | porpoise the Demonspawn Gladiator began the quest for the
                  | Orb.
     0 | D:1      | Reached XP level 1. HP: 16/16 MP: 1/1
   142 | D:1      | Found Zotzo's Weapon Boutique.
   393 | D:1      | Reached skill level 3 in Polearms
   395 | D:1      | Discovered your monstrous ancestry.
   395 | D:1      | Gained mutation: You have a small tail. [demonic ancestry]
   395 | D:1      | Reached XP level 2. HP: 17/22 MP: 2/2
   456 | D:1      | Found a faded altar of an unknown god.
   815 | D:1      | Gained mutation: You have a tail ending in a sharp stinger.
                  | [demonic ancestry]
   815 | D:1      | Reached XP level 3. HP: 28/28 MP: 3/3
  1623 | D:3      | Learned a level 2 spell: Wereblood
  1647 | D:3      | Reached skill level 4 in Polearms
  1647 | D:3      | Gained mutation: You regenerate magic rapidly. [demonic
                  | ancestry]
  1647 | D:3      | Reached XP level 4. HP: 25/34 MP: 4/4
  2273 | D:3      | Noticed Grinder
  2295 | D:3      | Paralysed by Grinder for 5 turns
  2304 | D:3      | Slain by Grinder

Illustrated notes

Levels and vault maps discovered:
D:1:      dpeg_arrival_tiny_f, layout_rooms, serial_shops, nicolae_shop_trees,
          hellmonk_ecumenical_altar_inner_sanctum, minmay_tetromino_o2
D:2:      layout_loops_ring
D:3:      layout_basic, uniq_grinder

Skill      XL: |  1  2  3  4 |
---------------+-------------+-----
Polearms       | 3 4 |  4.4
Fighting       | 3 |  3.2
Throwing       | |  1.7
Dodging        | |  2.6

Action                   |  1- 3 |  4- 6 || total
-------------------------+-------+-------++-------
Melee: Trident           |   138 |    31 ||   169
       Tailslap          |     9 |     4 ||    13
       Punch             |     1 |       ||     1
 Fire: Sling             |       |    18 ||    18
Throw: Throwing net      |       |     1 ||     1
  Use: Scroll            |     4 |     1 ||     5
       Potion            |       |     1 ||     1
 Stab: Sleeping          |     1 |       ||     1
Armor: Leather armour    |    34 |     8 ||    42
Dodge: Dodged            |    58 |    12 ||    70

Table legend: (Time is in decaauts)
 A = Elapsed time spent in this place.
 B = Non-inter-level travel time spent in this place.
 C = Inter-level travel time spent in this place.
 D = Time resting spent in this place.
 E = Time spent auto-exploring this place.
 F = Levels seen in this place.
 G = Mean time per level.
                   A        B        C        D        E       F      G
               +--------+--------+--------+--------+--------+-----+--------+
         Total |   2330 |   2295 |     35 |    739 |   1104 |   3 |  776.7 |
       Dungeon |   2330 |   2295 |     35 |    739 |   1104 |   3 |  776.7 |
               +--------+--------+--------+--------+--------+-----+--------+

Top non-repeatable levels by time:
     D:1: 977 daAuts
     D:3: 702 daAuts
     D:2: 650 daAuts
